[Event "3rd Avagyan Memorial 2022"]
[Site "Jermuk"]
[Date "2022.06.27"]
[Round "8.1"]
[White "Niemann, Hans Moke"]
[Black "Martirosyan, Haik M."]
[Result "1-0"]
[ECO "C54"]
[WhiteElo "2656"]
[BlackElo "2652"]
[Annotator "TA"]
[PlyCount "119"]
[EventDate "2022.06.20"]
[EventType "tourn"]
[EventCountry "ARM"]
[SourceTitle "playchess.com"]
[Source "ChessBase"]
[SourceQuality "1"]
[TimeControl "40/5400+30:1800+30"]

1. e4 e5 2. Nf3 Nc6 3. Bc4 Bc5 4. c3 Nf6 5. d3 d6 6. O-O h6 7. Re1 O-O {[%emt 0:01:08] C54: Giuoco Piano: 4 c3 Nf6, main lines with 5 d4 and 5 d3.} 8. Nbd2 a5 9. Nf1 a4 {[%emt 0:01:58] The position is equal.} 10. Bb5 a3 11. b4 Bb6 12. Ng3 Ne7 13. d4 Ng6 14. Bd3 Bg4 15. d5 {[%emt 0:00:22] [#]} Nh5 $146 ({Predecessor:} 15... Nh7 16. h3 Bd7 17. Nf5 Ne7 18. Nxe7+ Qxe7 19. c4 f5 20. c5 dxc5 21. exf5 cxb4 22. Rxe5 {½-½ (45) Kahl,F (2407)-Enev,Z (2331) LSS email 2020}) 16. h3 Bxf3 17. Qxf3 Nhf4 {[%emt 0:04:45] And now ...Nh4 would win.} 18. Nf5 Nh4 19. Nxh4 Qxh4 20. Bf1 f5 21. Bxf4 Qxf4 22. Qxf4 exf4 23. e5 dxe5 24. Rxe5 Rae8 25. Rae1 Rxe5 26. Rxe5 $14 {[%emt 0:00:08][%mdl 4096] Endgame KRB-KRB} Rf6 27. Bd3 g6 28. Re8+ Rf8 $1 29. Re7 Rf7 30. Re6 Kg7 31. Bb5 Rf6 32. Re7+ Rf7 33. Re2 Rf6 34. Ba4 g5 35. Re7+ Rf7 36. Re5 g4 37. Be8 Rf6 {[%emt 0:01:02] [#]} 38. Bh5 $1 g3 39. Kf1 c5 (39... Rd6 $16) 40. fxg3 $18 cxb4 41. cxb4 fxg3 42. Re7+ Kf8 43. Rxb7 (43. Re8+ $18 Kg7 44. Re7+ Kf8 45. Rxb7) 43... Bd4 $16 44. Ke2 Rd6 (44... Rb6 $16 45. Rf7+ Kg8) 45. Rf7+ $18 Kg8 46. Rxf5 Rb6 47. Rf3 Be5 48. Rb3 (48. Rxa3 Rxb4 49. Ra8+ Kg7 $18) 48... Rb5 49. Kd3 (49. Rxa3 Rxb4 50. Bf3 Rf4 51. Ra8+ Kg7 $18) 49... Bd6 50. Kc4 Rb8 51. b5 {[%emt 0:01:05] Threatens to win with b6.} (51. Rxa3 Rxb4+ 52. Kc3 Rc4+ 53. Kxc4 Bxa3 $18) 51... Rc8+ $2 {[%emt 0:00:38] [#]} (51... Rf8 52. Re3 Rf2) 52. Kd3 $1 Kf8 53. b6 Ke7 54. b7 Rf8 55. Bg4 Rf2 56. b8=Q Bxb8 57. Rxb8 {[%emt 0:00:05] Rb6 would kill now.} Rxg2 58. Rb6 {[%emt 0:00:32] White mates.} Rb2 59. d6+ Kf7 60. d7 {[%emt 0:00:12] Weighted Error Value: White=0.05 (flawless) /Black=0.42} ({Worse is} 60. Ra6 g2 61. Bh5+ (61. Ra7+ $2 Kf6 $19) 61... Ke6 62. d7+ (62. Bg4+ $2 Ke5 $19) 62... Kxd7 $17) 1-0

[Event "3rd Avagyan Memorial 2022"]
[Site "Jermuk"]
[Date "2022.06.27"]
[Round "8.2"]
[White "Sargsyan, Shant"]
[Black "Petrosyan, Manuel"]
[Result "1-0"]
[ECO "E20"]
[WhiteElo "2641"]
[BlackElo "2638"]
[Annotator "TA"]
[PlyCount "51"]
[EventDate "2022.06.20"]
[EventType "tourn"]
[EventCountry "ARM"]
[SourceTitle "playchess.com"]
[Source "ChessBase"]
[SourceQuality "1"]
[TimeControl "40/5400+30:1800+30"]

1. d4 Nf6 2. c4 e6 3. Nc3 Bb4 4. f3 c5 5. d5 b5 6. e4 {[%emt 0:00:09] E20: Nimzo-Indian: 4 g3 and 4 f3.} d6 {[%emt 0:00:25] is currently scoring better than 6...bxc4.} 7. Nge2 bxc4 {[%emt 0:05:50] next ...exd5 is good for Black.} 8. Nf4 {[%emt 0:00:11] The position is equal.} g5 (8... e5 $5 9. Nfe2 Ba6 $11) 9. Nfe2 exd5 10. exd5 Qe7 11. Bxg5 {[%emt 0:00:25] [#] And now Qd2 would win.} Bxc3+ 12. bxc3 Nbd7 $1 13. Qd2 {[%emt 0:01:12] Threatens to win with 0-0-0.} Rg8 $1 {[%emt 0:23:04][%cal Og8g5] ...Rxg5! is the strong threat.} 14. h4 Ne5 15. Kf2 {[%emt 0:02:12] [#] aiming for Ng3.} Nd3+ $146 {[%emt 0:03:21] Pair of Knights!} (15... h6 $11 16. Bxh6 Nh5) ({Predecessor:} 15... h6 16. Bxh6 Nh5 17. Rh2 Nd3+ {½-½ (17) Yeo,G (2482)-Beecham,C (2478) ICCF email 2020}) 16. Kg1 $16 {[%emt 0:00:41] Strongly threatening Ng3.} Ne5 (16... Rb8 $16) 17. Ng3 $18 {[%emt 0:08:22][%cal Be2g3,Bg3e4,Be4c5][%mdl 32] Hoping for f4.} h6 18. f4 hxg5 19. fxe5 dxe5 {[%emt 0:14:55][%mdl 8192] This move loses the game for Black.} (19... Qxe5 $2 20. Re1 Ng4 21. Rxe5+ $18) (19... Ng4 $16 {is more resistant.}) 20. hxg5 Ng4 21. d6 Qe6 22. Ne4 Qf5 (22... Bb7 $142) 23. Bxc4 Bb7 $2 (23... Qxe4 24. Bd5 Qf4 25. Qxf4 exf4) 24. Nxc5 Bxg2 25. Qxg2 Rb8 26. Rf1 {[%emt 0:00:27] Weighted Error Value: White=0.46/Black=1.04} 1-0

[Event "3rd Avagyan Memorial 2022"]
[Site "Jermuk"]
[Date "2022.06.27"]
[Round "8.3"]
[White "Gharibyan, Mamikon"]
[Black "Ter-Sahakyan, Samvel"]
[Result "1-0"]
[ECO "E52"]
[WhiteElo "2487"]
[BlackElo "2640"]
[Annotator "TA"]
[PlyCount "141"]
[EventDate "2022.06.20"]
[EventType "tourn"]
[EventCountry "ARM"]
[SourceTitle "playchess.com"]
[Source "ChessBase"]
[SourceQuality "1"]
[TimeControl "40/5400+30:1800+30"]

1. d4 Nf6 2. c4 e6 3. Nf3 d5 4. Nc3 Bb4 5. e3 O-O 6. Bd2 b6 7. cxd5 exd5 8. Bd3 Bb7 9. Qc2 {[%emt 0:00:08] E52: Nimzo-Indian: Rubinstein: 4...0-0 5 Nf3 d5 6 Bd3 b6.} c5 10. O-O Re8 {[%emt 0:03:49] [#]} 11. Rfe1 $146 {[%emt 0:14:55] The position is equal.} ({Predecessor:} 11. dxc5 bxc5 12. a3 Ba5 13. Rfd1 Nc6 14. Na4 c4 15. Bf1 Qc7 16. Nc5 Bxd2 17. Rxd2 {1-0 (44) Goldberg,S (1699)-Witbooi,J (1207) Boksburg 2018}) 11... c4 12. Bf1 Nc6 13. b3 Rc8 14. bxc4 Na5 15. c5 bxc5 16. a3 Bxc3 17. Qxc3 Nc4 18. dxc5 Nd7 19. Reb1 Nxc5 20. Be1 Bc6 21. Qd4 Ne6 22. Qd1 Qd7 23. Bc3 Ba4 24. Qe1 Nc5 25. Nd4 h6 26. Ra2 Rc7 27. h3 f6 28. Be2 Qf7 29. Nf5 Bd7 30. Ng3 Qe7 31. Bb4 {[%emt 0:00:48] A strong pair of Bishops.} Qe5 32. Rc2 Be6 33. Bxc5 Rxc5 34. Bd3 Qc7 35. a4 Bf7 36. Nf5 Qd7 37. Qd1 Be6 38. Qh5 Rec8 (38... Rcc8 $14) 39. Nd4 $16 {[%emt 0:00:55] aiming for Qg6.} Bf7 {[%emt 0:00:27] Prevents Qg6.} 40. Qe2 (40. Qf5 $16 Qxf5 41. Bxf5) 40... Nd6 41. Rxc5 Rxc5 42. Qf3 Qc7 43. Qg3 {[%emt 0:04:28] 0x0.0022fb527df9dp-1022s more active pieces.} Rc3 44. Rd1 a5 45. Ne2 Rc6 (45... Rxd3 $1 $11 46. Rxd3 Qc2) 46. Rb1 (46. Bg6 $16) 46... Rb6 47. Rc1 Rc6 48. Rxc6 Qxc6 49. Nd4 Qb6 50. Qg4 Qc7 {[%emt 0:04:23] Against Qd7} 51. Qf4 (51. Ne6 {seems wilder.} Qc1+ 52. Kh2 g5 53. Nd4) 51... Qb6 52. Kh2 ({Better is} 52. Nb5 $14 Nxb5 53. axb5) 52... Kf8 53. Kg1 (53. Qg4 $14) 53... Nc4 (53... Kg8 $1 $11) 54. Qf5 ({White should play} 54. Qg4 $16) 54... g6 $1 $14 55. Qc8+ Kg7 56. h4 h5 (56... Qb4 $1 $11 {remains equal.} 57. h5 Qe1+ 58. Kh2 Qxf2 59. Bxg6 Qh4+ 60. Kg1 Qe1+ 61. Kh2 Qh4+ 62. Kg1 Qe1+ 63. Kh2 Qh4+) 57. g4 $36 {[%emt 0:02:09][%cal Bg2g4,Bg4h5][%mdl 2080] White is in control.} Ne5 $2 {[%emt 0:01:11] [#] Loses the game.} (57... hxg4 $16 58. h5 Ne5) 58. gxh5 $1 $18 {[%emt 0:00:29][%cal Oh5h6] White threatens h6+! and mate.} Qb4 (58... Nxd3 59. h6+ Kh7 60. Qf8 Qb1+ 61. Kg2 Ne1+ 62. Kg3) 59. Bxg6 {[%emt 0:00:52] The board is on fire.} Nxg6 60. hxg6 {[%emt 0:00:48][%mdl 4096] Endgame KQB-KQN} Qb1+ 61. Kh2 Qxg6 62. Qd7 Kh8 $2 (62... Qh5 63. Kh3 Kg6) 63. Qd8+ Kh7 (63... Kg7 $142 64. Qxa5 Qg4) 64. Qxa5 Qg4 65. Qc7 Qxh4+ 66. Kg2 Qg4+ 67. Qg3 Qe4+ 68. Kh2 Bg6 69. a5 {[%emt 0:00:15][%cal Ba4a5,Ba5a6][%mdl 32] And now Qc7+ would win.} Qe7 {[%emt 0:00:35] Prevents Qc7.} 70. a6 {[%emt 0:00:07] Black must now prevent Qb8.} Qa7 {[%emt 0:00:26] Prevents Qb8.} 71. Ne6 {[%emt 0:00:28] Weighted Error Value: White=0.13 (very precise) /Black=0.24 (precise)} (71. Qh3+ $142 Kg7 72. Qc8 Qe7 73. Qb7 Kf8 74. Qxe7+ Kxe7 75. a7 Bf7 76. a8=Q) 1-0

[Event "3rd Avagyan Memorial 2022"]
[Site "Jermuk"]
[Date "2022.06.27"]
[Round "8.4"]
[White "Nihal Sarin"]
[Black "Tabatabaei, M. Amin"]
[Result "1/2-1/2"]
[ECO "C67"]
[WhiteElo "2646"]
[BlackElo "2650"]
[Annotator "TA"]
[PlyCount "62"]
[EventDate "2022.06.20"]
[EventType "tourn"]
[EventCountry "ARM"]
[SourceTitle "playchess.com"]
[Source "ChessBase"]
[SourceQuality "1"]
[TimeControl "40/5400+30:1800+30"]

1. e4 e5 2. Nf3 Nc6 3. Bb5 Nf6 4. O-O Nxe4 5. Re1 Nd6 6. Nxe5 Be7 7. Bf1 Nxe5 8. Rxe5 O-O 9. d4 Bf6 10. Re1 {[%emt 0:00:05] The position is equal.} Re8 {[%emt 0:00:49] C67: Ruy Lopez: Berlin Defence: 4 0-0 Nxe4.} 11. c3 Rxe1 12. Qxe1 Ne8 13. Bf4 d5 14. Bd3 g6 15. Nd2 Ng7 16. Nf3 Bf5 17. Bxf5 Nxf5 18. Qe2 c6 {[%emt 0:00:23] Against Qb5} 19. Re1 Ng7 20. Be5 Ne6 21. Bxf6 Qxf6 22. Ne5 Re8 23. Ng4 Qd8 24. Qe5 {[%emt 0:00:24] aiming for Nf6+.} Ng7 25. Qxe8+ ({Don't blunder} 25. Nh6+ $2 Kf8 26. Nxf7 Rxe5 $19) 25... Nxe8 26. Rxe8+ {[%emt 0:00:10][%mdl 64] [#] Remove Defender} Qxe8 27. Nf6+ Kf8 28. Nxe8 Kxe8 29. f4 f5 30. Kf2 {[%emt 0:00:06] [#] An even fight not without its subleties.  Weighted Error Value: White=0.01 (flawless) /Black=0.01 (flawless)} {Predecessor:} a5 $146 31. a4 Ke7 {½-½ (31) Ding,L (2799)-Ma,Q (2645) Hangzhou 2022} 1/2-1/2

[Event "3rd Avagyan Memorial 2022"]
[Site "Jermuk"]
[Date "2022.06.27"]
[Round "8.5"]
[White "Donchenko, Alexander"]
[Black "Nguyen, Thai Dai Van"]
[Result "1/2-1/2"]
[ECO "D45"]
[WhiteElo "2599"]
[BlackElo "2612"]
[Annotator "TA"]
[PlyCount "74"]
[EventDate "2022.06.20"]
[EventType "tourn"]
[EventCountry "ARM"]
[SourceTitle "playchess.com"]
[Source "ChessBase"]
[SourceQuality "1"]
[TimeControl "40/5400+30:1800+30"]

1. d4 d5 2. c4 e6 3. Nc3 c6 4. e3 Nf6 5. Nf3 Nbd7 6. Qc2 Bd6 7. b3 O-O 8. Be2 b6 9. O-O Bb7 10. a4 a5 11. Bb2 Re8 12. Rad1 Qe7 13. Bd3 h6 14. Rfe1 c5 15. Nb5 (15. cxd5 {keeps more tension.} cxd4 16. Nxd4 Nxd5 17. Nxd5 Bxd5 18. Bc4) 15... cxd4 16. Nxd6 ({Reject} 16. Nbxd4 Bb4 17. Rf1 e5 $15) 16... Qxd6 17. exd4 dxc4 18. bxc4 Bxf3 19. gxf3 Rad8 20. Qe2 Nh5 21. Qe3 Nf4 22. Bb1 (22. c5 $5 Qc7 23. Bb5 $14) 22... Nf8 23. Qe5 Qb4 24. d5 {[%emt 0:06:03][%csl Gb2][%cal Re5g7] [#] Chess con chili.} f6 25. Qc3 (25. Qxf4 $5 Qxb2 26. Be4 $11) 25... Qd6 26. Ba3 {[%emt 0:01:09] A strong pair of Bishops.} Qd7 27. Bc1 N8g6 28. Kh1 {[%emt 0:03:29] Hoping for Rg1.} exd5 29. Rxe8+ Rxe8 30. Bxg6 Nxg6 31. Qd3 $2 {[%emt 0:00:05][%mdl 8192] [#]} ({White must play} 31. cxd5 $15 Nh4 32. Qc4 Nxf3 33. d6+ Kh8 34. Qd5) 31... Ne5 $2 (31... Qh3 $1 $19 {and Black stays clearly on top.} 32. Qxd5+ Kh7) 32. Qxd5+ $17 Qf7 33. Rd4 Rc8 (33... Qxd5 $17 34. cxd5 Nxf3) 34. Be3 $15 Nxc4 (34... Qxd5 $15 35. cxd5 Kf7) 35. Qf5 $1 $11 {[%emt 0:02:18] The position is equal.} Re8 36. Bxh6 Ne5 {[%emt 0:03:37] Prevents Rg4.} 37. Be3 Qe6 {[%emt 0:01:25] Weighted Error Value: White=0.27 (precise) /Black=0.31} 1/2-1/2

[Event "3rd Avagyan Memorial 2022"]
[Site "Jermuk"]
[Date "2022.06.28"]
[Round "9.1"]
[White "Nguyen, Thai Dai Van"]
[Black "Niemann, Hans Moke"]
[Result "1/2-1/2"]
[ECO "E73"]
[WhiteElo "2612"]
[BlackElo "2656"]
[Annotator "TA"]
[PlyCount "64"]
[EventDate "2022.06.20"]
[EventType "tourn"]
[EventCountry "ARM"]
[SourceTitle "playchess.com"]
[Source "ChessBase"]
[SourceQuality "1"]
[TimeControl "40/5400+30:1800+30"]

1. d4 Nf6 2. c4 g6 3. Nc3 Bg7 4. e4 d6 5. Be2 O-O 6. Be3 Nc6 7. d5 Ne5 {[%emt 0:00:11] E73: King's Indian: Averbakh Variation without 6...c5.} 8. f4 Neg4 9. Bd2 Nh6 $1 {[%emt 0:02:52] White is slightly better.} 10. Nf3 e6 11. dxe6 fxe6 12. O-O $36 {[%emt 0:00:15][%mdl 2048] Black is under pressure.} Nf7 {[%emt 0:01:16] [#]} 13. c5 $146 ({Predecessor:} 13. Qc2 Bd7 14. Bd3 e5 15. fxe5 Nxe5 16. Nxe5 dxe5 17. Nd5 c6 18. Nxf6+ Bxf6 19. c5 {½-½ (56) Juksta,K (2310)-Alexakis,D (2459) Corum 2019}) 13... dxc5 14. Qb3 c6 15. a4 (15. e5 $5 Nd5 16. Ne4 $11) 15... b6 16. Bc4 Qe8 17. f5 (17. e5 $5 Nd5 18. Ne4 $11) 17... gxf5 18. exf5 Nd6 19. Rae1 $1 ({Much worse is} 19. Bxe6+ $6 Bxe6 20. fxe6 (20. Qxe6+ Qxe6 21. fxe6 Nfe4 $17) 20... c4 $15) 19... Nxc4 (19... Nxf5 $2 20. Bxe6+ (20. Rxe6 Bxe6 21. Bxe6+ Kh8 $16) 20... Bxe6 21. Rxe6 $18) (19... Nd5 $2 20. Nxd5 cxd5 21. Bxd5 $18) 20. Qxc4 a5 21. Qb3 {[%emt 0:05:21] White is much more active.} Kh8 22. Ng5 ({Much weaker is} 22. fxe6 $6 Ba6 $11) (22. h3 $16) 22... Ng4 $2 (22... Qd7 $11 23. fxe6 Qxd2) 23. fxe6 $18 Bd4+ 24. Kh1 {[%emt 0:00:00] Threatens to win with Nf7+.} Nf2+ {[%emt 0:03:58] [#]} 25. Rxf2 $1 Bxf2 {[%emt 0:00:54] [#]} (25... Rxf2 26. Nce4 h6 27. Nf7+ Rxf7 28. exf7 $18) 26. Re4 (26. Nce4 $1 $18 Bxe1 27. Nf7+ Qxf7 28. exf7 Bxd2 29. Nxd2) 26... Ra7 $1 $14 {[%emt 0:10:57] [#]} 27. Bf4 (27. Ne2 $1 $16 {And now Qc4 would win.} Bd4 28. Rf4) 27... Bd4 $11 {[%emt 0:01:07] The position is equal.} 28. Rxd4 {[%emt 0:02:49][%mdl 64] Remove Defender} cxd4 29. Be5+ Rg7 $1 30. Nf7+ Kg8 $1 (30... Rfxf7 $2 31. exf7 Qf8 32. Ne4 $18) 31. Nh6+ Kh8 32. Nf7+ {[%emt 0:00:02] Pair of Knights!} Kg8 $1 {[%emt 0:00:04] Weighted Error Value: White=0.25 (precise) /Black=0.22 (precise)} (32... Rfxf7 $2 33. exf7 Qf8 34. Ne4 $18) 1/2-1/2

[Event "3rd Avagyan Memorial 2022"]
[Site "Jermuk"]
[Date "2022.06.28"]
[Round "9.2"]
[White "Tabatabaei, M. Amin"]
[Black "Donchenko, Alexander"]
[Result "1-0"]
[ECO "B23"]
[WhiteElo "2650"]
[BlackElo "2599"]
[Annotator "TA"]
[PlyCount "53"]
[EventDate "2022.06.20"]
[EventType "tourn"]
[EventCountry "ARM"]
[SourceTitle "playchess.com"]
[Source "ChessBase"]
[SourceQuality "1"]
[TimeControl "40/5400+30:1800+30"]

1. e4 c5 2. Nc3 d6 3. d4 cxd4 4. Qxd4 Nc6 5. Qd2 Nf6 6. b3 {[%emt 0:00:44][%cal Bb2b3,Bb3b4,Bb4b5][%mdl 32] B23: Closed Sicilian: Lines without g3.} e6 7. Bb2 d5 {[%emt 0:00:44] outshines the older 7...Be7.} 8. exd5 {[%emt 0:00:09] The position is equal.} exd5 9. O-O-O Be6 10. a3 $5 {[%emt 0:00:07][%mdl 4] [#] Leaves trodden paths.} Qa5 $146 ({Predecessor:} 10... Bc5 11. Nf3 O-O 12. Bd3 Rc8 13. Rhe1 Re8 14. h3 Qa5 15. Nb5 Qxd2+ 16. Rxd2 a6 {½-½ (49) Caruana,F (2819)-Vachier Lagrave,M (2773) Karlsruhe/Baden Baden 2019}) 11. b4 Qb6 12. Nf3 Bd6 13. Bd3 a5 14. b5 Ne7 15. Rhe1 {[%emt 0:01:59] Black must now prevent Ng5.} h6 {[%emt 0:14:36] Inhibits Ng5.} (15... Qc7 $14) 16. Na4 $16 Qc7 17. Kb1 Bg4 {[%emt 0:04:13] [#]} (17... Rd8 $16) 18. Qe3 $1 $18 Kf8 19. h3 Nf5 {[%emt 0:03:28] [#]} 20. Qb6 ({But not} 20. Qe2 $6 Bxf3 21. gxf3 (21. Qxf3 Nh4 $15) 21... Nh4 $16) 20... Bxf3 21. gxf3 Nh4 (21... Ne7 $142 22. Qxc7 Bxc7 23. Bxf6 gxf6) 22. Bxf6 gxf6 23. Qd4 Ng6 $2 (23... Ng2) 24. Bxg6 {[%emt 0:01:36] White is clearly winning.} Be5 {[%emt 0:00:03] [#]} 25. Qxd5 $1 {[%emt 0:00:08][%cal Oa4c5] Hoping for Nc5!} fxg6 26. Nc5 {[%emt 0:03:10] Threatening mate with Ne6+.} Qf7 27. f4 {[%emt 0:00:06] Weighted Error Value: White=0.02 (flawless) /Black=0.20 (precise)} 1-0

[Event "3rd Avagyan Memorial 2022"]
[Site "Jermuk"]
[Date "2022.06.28"]
[Round "9.3"]
[White "Ter-Sahakyan, Samvel"]
[Black "Nihal Sarin"]
[Result "1/2-1/2"]
[ECO "E05"]
[WhiteElo "2640"]
[BlackElo "2646"]
[Annotator "TA"]
[PlyCount "55"]
[EventDate "2022.06.20"]
[EventType "tourn"]
[EventCountry "ARM"]
[SourceTitle "playchess.com"]
[Source "ChessBase"]
[SourceQuality "1"]
[TimeControl "40/5400+30:1800+30"]

1. d4 d5 2. c4 e6 3. Nf3 Nf6 4. g3 Be7 5. Bg2 O-O 6. O-O dxc4 7. Qc2 a6 8. a4 Bd7 9. Qxc4 Bc6 10. Bf4 Bd6 {[%emt 0:02:27] E05: Open Catalan: 5 Nf3 Be7.} 11. Qc1 a5 12. Bd2 Nbd7 13. Nc3 Qe7 14. Qc2 {[%emt 0:16:23] [#]} Bxf3 $146 ({Predecessor:} 14... Bb4 15. Rfe1 Bxf3 16. Bxf3 c6 17. Rad1 Rad8 18. e4 e5 19. d5 cxd5 20. exd5 Rc8 {½-½ (38) Eljanov,P (2713)-Thybo,J (2479) Reykjavik 2018}) 15. Bxf3 c6 16. Rad1 Rfd8 17. Bc1 h6 18. Bg2 Nd5 19. e3 N7f6 {[%emt 0:08:00] The position is equal.} 20. Qb3 {[%emt 0:12:50] Hoping for e4.} Nb4 21. Nb1 e5 22. Nc3 exd4 23. exd4 Qd7 24. Ne4 Nxe4 25. Bxe4 Bf8 26. Qf3 Nd5 27. Bc2 g6 28. h4 {[%emt 0:04:13] Weighted Error Value: White=0.08 (flawless) /Black=0.07 (flawless)} 1/2-1/2

[Event "3rd Avagyan Memorial 2022"]
[Site "Jermuk"]
[Date "2022.06.28"]
[Round "9.4"]
[White "Petrosyan, Manuel"]
[Black "Gharibyan, Mamikon"]
[Result "1/2-1/2"]
[ECO "D02"]
[WhiteElo "2638"]
[BlackElo "2487"]
[Annotator "TA"]
[PlyCount "210"]
[EventDate "2022.06.20"]
[EventType "tourn"]
[EventCountry "ARM"]
[SourceTitle "playchess.com"]
[Source "ChessBase"]
[SourceQuality "1"]
[TimeControl "40/5400+30:1800+30"]

1. d4 Nf6 2. Nf3 d5 3. Bf4 c5 4. e3 Nc6 5. Nbd2 Bg4 6. c3 e6 7. Qb3 Qc8 8. Nh4 Bh5 9. h3 Be7 10. g4 Bg6 11. Nxg6 hxg6 12. Be2 Qd7 13. h4 cxd4 14. exd4 Bd6 15. Be3 Qc7 16. O-O-O O-O-O 17. Kb1 Kb8 18. Rdg1 Ka8 19. Qd1 Bf4 20. Bd3 Bxe3 21. fxe3 e5 22. Qf1 Ne8 23. Qg2 e4 24. Be2 Nd6 25. Qg3 f6 26. g5 Ne7 27. h5 gxh5 28. gxf6 gxf6 29. Rxh5 Rxh5 30. Bxh5 Kb8 31. Qf2 Rh8 32. Be2 f5 33. a3 a6 34. Nb3 Nc4 35. Bxc4 dxc4 36. Nc5 Rh2 37. Rg2 Rxg2 $1 38. Qxg2 Ka7 $1 39. Qf1 b6 (39... Qc6 $1 $11 40. Qxc4 Nd5) 40. Ne6 $14 Qc6 41. Nf4 Nd5 42. Qf2 a5 43. Kc1 Kb7 44. Nxd5 Qxd5 45. Qg3 (45. Kb1 $1 $14) 45... Qf7 $1 $11 46. Kd2 Qh5 (46... a4 $11) 47. Qg7+ (47. Qe5 $14) 47... Ka6 (47... Kc6 $11) 48. Qc7 $14 b5 49. a4 $1 (49. Qc6+ Ka7 $16) 49... bxa4 50. Qxc4+ Kb6 51. Qc5+ Kb7 52. Qb5+ (52. Qxa5 Qh2+ 53. Kd1 Qg1+ 54. Kc2 Qf2+ 55. Kb1 Qf1+ 56. Ka2 Qc4+ 57. Kb1 Qf1+ 58. Ka2 Qc4+ 59. Kb1 Qf1+ $11) 52... Kc8 53. Qc6+ (53. Qxa4 $6 Qh2+ 54. Kc1 Qf2 $16) 53... Kb8 (53... Kd8 $14) 54. Qd6+ $16 Kc8 {[%emt 0:01:52] [#]} 55. Qg3 (55. c4 $1 $16) 55... Qh1 56. Qg8+ Kc7 57. Qf7+ Kb6 58. Qe6+ Kb7 59. Qxf5 (59. Qd7+ $14 Ka6 60. Qc6+ (60. Qxa4 Qh2+ 61. Kc1 Qg1+ 62. Kc2 Qxe3 $16) (60. Qxf5 Qh2+ 61. Kc1 Qg1+ 62. Kc2 Qxe3 $11) 60... Ka7 61. Qc5+ (61. Qxa4 Qg2+ 62. Kc1 Qf1+ 63. Qd1 Qc4 $16) 61... Ka6 62. Qc8+ (62. Qxf5 Qh2+ 63. Kc1 Qg1+ 64. Kc2 Qxe3 $11) 62... Ka7 63. Qc7+ (63. Qxf5 Qh2+ 64. Kd1 Qg1+ 65. Ke2 Qh2+ 66. Qf2 Qc7 $16) 63... Ka6 64. Qc6+ Ka7 65. Qd7+ (65. Qxa4 Qg2+ 66. Kc1 Qf1+ 67. Qd1 Qf2 $16) 65... Ka6 66. Qc8+ (66. Qxa4 Qh2+ 67. Kc1 Qg1+ 68. Kc2 Qxe3 $16) (66. Qxf5 Qg2+ 67. Kc1 Qg1+ 68. Kc2 Qxe3 $11) 66... Ka7 67. Qc5+ (67. Qxf5 Qh2+ 68. Kd1 Qg1+ 69. Ke2 Qh2+ 70. Qf2 Qc7 $16) 67... Ka6 68. Qc8+ (68. Qxf5 Qg2+ 69. Kc1 Qg1+ 70. Kc2 Qxe3 $11)) 59... Qg2+ 60. Kd1 ({Don't take} 60. Kc1 $6 Qg1+ 61. Kd2 (61. Kc2 Qxe3 62. Qb5+ Kc8 $11) 61... Qg2+ 62. Kd1 (62. Kc1 Qg1+ 63. Kd2 Qh2+ 64. Kc1 Qg1+ $16) 62... Qxb2 $16) 60... Qxb2 61. Qxe4+ Kc7 62. Qe7+ (62. Qc2 $1 $14 Qb5 63. Kc1) 62... Kc8 63. Qe8+ Kb7 64. Qxa4 Qxc3 65. Ke2 Kb6 66. Qa2 Kb5 {[%emt 0:00:38] [#]} (66... Kc6 $11) 67. Qd5+ ({White should play} 67. Qd2 $1 $16 Qc7 68. Qd3+ Kb4 69. Qb1+ Ka3 70. Kd1) 67... Kb6 $11 68. Qd6+ Kb5 69. Qd7+ Kb6 (69... Ka6 $11) 70. Kf3 (70. Qa4 $14) 70... Qc2 71. Qd8+ Ka6 72. Qa8+ Kb6 $1 73. Qb8+ Ka6 74. Qd6+ Kb7 75. Qd7+ Kb6 76. Qe6+ Kc7 77. d5 a4 78. d6+ Kb6 79. Kf4 a3 80. d7+ Kc7 81. d8=Q+ Kxd8 82. Qd6+ Ke8 83. Qxa3 Qc7+ 84. Kf3 $1 Qf7+ 85. Ke2 $1 Qc4+ 86. Kd2 Qd5+ 87. Ke1 Qh1+ 88. Kf2 Qh2+ 89. Kf3 Qh3+ 90. Ke4 Qe6+ 91. Kd4 Qd7+ 92. Ke5 Qg7+ 93. Kf4 Qf6+ 94. Kg3 $1 Qe5+ 95. Kg2 Qe4+ 96. Kf2 Qh4+ 97. Ke2 Qc4+ 98. Ke1 Qh4+ 99. Kd1 Qh1+ 100. Kd2 Qg2+ 101. Kc3 Qc6+ 102. Kd4 Qd7+ 103. Kc4 Qe6+ 104. Kb5 Qd7+ 105. Kb6 Qe6+ 1/2-1/2

[Event "3rd Avagyan Memorial 2022"]
[Site "Jermuk"]
[Date "2022.06.28"]
[Round "9.5"]
[White "Martirosyan, Haik M."]
[Black "Sargsyan, Shant"]
[Result "1-0"]
[ECO "B45"]
[WhiteElo "2652"]
[BlackElo "2641"]
[Annotator "TA"]
[PlyCount "91"]
[EventDate "2022.06.20"]
[EventType "tourn"]
[EventCountry "ARM"]
[SourceTitle "playchess.com"]
[Source "ChessBase"]
[SourceQuality "1"]
[TimeControl "40/5400+30:1800+30"]

1. e4 c5 2. Nf3 e6 3. d4 cxd4 4. Nxd4 Nf6 5. Nc3 Nc6 6. Nxc6 bxc6 7. e5 Nd5 8. Ne4 Qc7 9. f4 Qb6 10. c4 Bb4+ 11. Ke2 f5 12. exf6 Nxf6 {[%emt 0:00:20] B45: Sicilian Four Knights.} 13. Be3 Qd8 14. Nd6+ Bxd6 {[%emt 0:00:14] The position is equal.} 15. Qxd6 Bb7 16. Kd1 (16. Rd1 $14) 16... c5 $11 17. Qxc5 ({Don't play} 17. Bxc5 Ne4 18. Qe5 (18. Qd4 d6 $17) 18... Nxc5 19. Qxc5 Rf8 $15) 17... Be4 {[%emt 0:00:31] Prevents Bd3.} 18. Be2 {[%emt 0:01:06] [#]} Kf7 $146 (18... Rc8 $11 19. Qxa7 O-O) ({Predecessor:} 18... d6 19. Qd4 O-O 20. Kc1 Qc7 21. b3 e5 22. fxe5 dxe5 23. Qc5 Qb7 24. Kb2 Nd5 25. cxd5 {1-0 (33) Vachier Lagrave,M (2749)-Praggnanandhaa,R (2608) Krasnaya Polyana 2021}) 19. Qd4 Bxg2 20. Rg1 Be4 21. b4 Qb8 (21... Qe7 $14) 22. Bd2 Re8 23. a4 e5 24. fxe5 Qxe5 25. Qxe5 {[%emt 0:01:36] The board is on fire.} Rxe5 26. Bc3 Rf5 {[%emt 0:06:05] White leaves nothing to chance now.} 27. Rf1 {[%emt 0:10:39] Against Rf2} Rg5 (27... d5 $142) 28. Bd4 d6 29. Ra3 a6 30. Rg3 Rxg3 31. hxg3 Bc6 32. a5 d5 (32... Rb8 {was worth a try.}) 33. b5 $18 axb5 34. cxb5 Bxb5 35. Bxb5 {[%emt 0:00:06] [#] Strongly threatening a6. A strong pair of Bishops.} Rxa5 36. Bd3 h6 37. Bxf6 gxf6 {[%emt 0:00:14][%mdl 4096] Endgame KRB-KR} 38. Ke2 Ra2+ 39. Kf3 Rh2 (39... Ra3 $142) 40. Bf5 h5 (40... Rb2 $142 41. Re1 h5) 41. Rd1 Kg7 42. Rxd5 {[%emt 0:00:17] [#] Hoping for Rd7+.} Kh6 (42... h4 $142 43. Rd7+ Kg8) 43. Be4 (43. Bd3 $142 Kg7 44. Rd7+ Kg8 45. Bc4+ Kh8 46. Rf7) 43... Rb2 44. Rd7 f5 45. Bxf5 {[%emt 0:00:30] Kf4 would kill now.} Kg5 46. Rd5 {[%emt 0:00:44] Weighted Error Value: White=0.08 (flawless) /Black=0.25 (precise)} 1-0